 Dungeon Crawl Stone Soup version 0.17-a0-469-g696e5a1 (webtiles) character file.

6809 inmateoo the Martial Artist (level 10, -1/86 HPs)
             Began as a White Draconian Transmuter on Apr 6, 2015.
             Was a Priest of Makhleb.
             Slain by a manticore (2 damage)
             ... on level 11 of the Dungeon.
             The game lasted 00:29:21 (11511 turns).

inmateoo the Martial Artist (DrTm)                 Turns: 11511, Time: 00:29:21

Health: -1/86      AC:  9    Str: 12    XL:     10   Next: 77%
Magic:  13/17      EV: 15    Int: 17    God:    Makhleb [***...]
Gold:   767        SH:  0    Dex: 15    Spells: 5 memorised, 5 levels left

rFire  . . .     SeeInvis .       - Unarmed
rCold  + . .     Clarity  .     (armour unavailable)
rNeg   . . .     SustAb   .     (shield currently unavailable)
rPois  .         Gourm    .     (helmet restricted)
rElec  .         Spirit   .     k - +0 cloak
rCorr  .         Warding  .     (gloves currently unavailable)
rMut   .         Stasis   .     o - +0 pair of boots (curse)
MR     .....                    (no amulet)
Stlth  +.........               (no ring)
                                h - +5 ring of dexterity

@: blade hands, manticore barbs, not resistant to hostile enchantments, very
unstealthy
A: breathe frost, unfitting armour, talons 1, clumsy 1, cold resistance 1, low
mp 1, regeneration 1, cold-blooded, placid magic 1, AC +7
a: Breathe Frost, End Transformation, Minor Destruction, Lesser Servant of
Makhleb, Renounce Religion


You were on level 11 of the Dungeon.
You worshipped Makhleb.
Makhleb was most pleased with you.
You were not hungry.
You had blades for hands.
You visited 2 branches of the dungeon, and saw 12 of its levels.
You also visited: Sewer.

You collected 767 gold pieces.

Inventory:

Hand weapons
 m - a cursed +0 blowgun
Missiles
 b - 116 arrows
 q - 18 poisoned needles
Armour
 k - a +0 cloak (worn)
 o - a cursed +0 pair of boots (worn)
 w - a +1 pair of gloves (melded)
Jewellery
 h - a +5 ring of dexterity (left scythe-like blade)
Magical devices
 i - a wand of digging (13)
 y - a wand of fire (0)
 B - a wand of lightning (5)
 D - a wand of confusion (26)
 E - a wand of frost (21)
 F - a wand of fire (10)
 H - a wand of digging (9)
 I - a wand of flame (25)
 J - a wand of disintegration (5)
Scrolls
 e - a scroll of identify
 f - 7 scrolls of recharging
 v - a scroll of blinking
 x - 4 scrolls of remove curse
 z - a scroll of teleportation
 G - a scroll of enchant armour
Potions
 c - 7 potions of curing
 g - a potion of restore abilities
 l - 3 potions of agility
 n - a potion of magic
 r - 2 potions of brilliance
 s - 4 potions of flight
 u - 5 potions of ambrosia
 A - a potion of might
 K - a potion of poison
Books
 d - a book of Changes

   Spells                             Type                      Level
   a - Beastly Appendage              Transmutation                1
   b - Sticks to Snakes               Transmutation                2
   c - Spider Form                    Transmutation/Poison         3
   d - Ice Form                       Ice/Transmutation            4
   e - Blade Hands                    Transmutation                5
 j - a book of Dreams

   Spells                             Type                      Level
   a - Ensorcelled Hibernation        Hexes/Ice                    2
   b - Flight                         Charms/Air                   3
   c - Phase Shift                    Translocation                5
   d - Shadow Creatures               Summoning                    5
   e - Mass Confusion                 Hexes                        6
   f - Darkness                       Hexes                        7
Comestibles
 a - 5 bread rations
 p - 4 beef jerkies
 t - 6 meat rations
 C - 7 slices of pizza
 L - 12 fruits
 M - 6 poisonous chunks of flesh


   Skills:
 + Level 7.3 Fighting
 + Level 6.0 Dodging
 * Level 9.5 Unarmed Combat
 + Level 5.9 Spellcasting
 + Level 6.9 Transmutations
 + Level 5.9 Ice Magic


You had 5 spell levels left.
You knew the following spells:

 Your Spells              Type           Power        Failure   Level  Hunger
a - Beastly Appendage     Trmt           ###...       7%          1    None
b - Sticks to Snakes      Trmt           ###.......   9%          2    None
c - Spider Form           Trmt/Pois      ##........   34%         3    ##.....
d - Ice Form              Ice/Trmt       ###.....     34%         4    ####...
e - Blade Hands           Trmt           ###.......   52%         5    #####..


Dungeon Overview and Level Annotations

Branches:
Dungeon (11/15)            Temple (1/1) D:6            Lair (0/8) D:9
    Orc (0/4) D:9

Altars:
Ashenzari
Cheibriados
Dithmenos
Elyvilon
Fedhas
Gozag
Kikubaaqudgha
Makhleb
Nemelex Xobeh
Okawaru
Qazlal
Ru
Sif Muna
Trog
Vehumet
Xom
Yredelemnul
Zin
The Shining One

Shops:
D:7 [

Annotations:
D:6 Fluffy's ghost, experienced HuFi


Innate Abilities, Weirdness & Mutations

You can breathe waves of freezing cold.
You can buffet flying creatures when you breathe cold.
Your icy white scales are hard (AC +7).
Your body does not fit into most forms of armour.
Your flesh is cold resistant.
You are cold-blooded and may be slowed by cold attacks.
You have sharp toenails.
You are clumsy. (Dex -2)
Your magical capacity is low (-10% MP).
Your natural rate of healing is unusually fast.
Your spells are a little easier to cast, but a little less powerful.


Message History

The manticore claws you!
Unknown command.
You hit the manticore.
The manticore is heavily wounded.
The manticore barely misses you. The manticore claws you.
* * * LOW HITPOINT WARNING * * *
The manticore claws you!
* * * LOW HITPOINT WARNING * * *
Unknown command.
Unknown command.
You hit the manticore but do no damage.
The manticore is heavily wounded.
Unknown command.
Unknown command.
You barely miss the manticore.
The manticore is heavily wounded.
The manticore bites you!
* * * LOW HITPOINT WARNING * * *
The manticore claws you.
You die...

######### .
+.....?. ...
#......# ..##
###......#.....
#........H.......
#....###@#
#.#......#
#........#
####.....#
#.#.....# .
#.#...<.# ..#
#.#.....# #.#
#.#.†...# #.#
#.#.....#


You could see a manticore.

Vanquished Creatures
  A hydra (D:10)
  A centaur warrior (D:8)
  A two-headed ogre (D:10)
  A deep elf mage (D:9)
  2 yaks (D:10)
  A wyvern (D:11)
  A hippogriff (D:8)
  A hungry ghost (D:10)
  A wandering mushroom (D:9)
  An eye of draining (D:8)
  4 orc warriors
  2 sky beasts
  3 phantoms
  2 ogres
  An ice beast (D:8)
  2 centaurs
  A wasp (D:8)
  4 big kobolds
  2 giant frogs
  A wyvern zombie (D:7)
  5 scorpions
  3 killer bees (D:7)
  A goliath beetle (D:8)
  6 crimson imps
  2 centaur zombies
  7 hounds
  7 orc priests
  2 jellies (D:8)
  3 giant frog skeletons
  A gnoll shaman (D:7)
  Jessica (D:3)
  2 centaur skeletons
  2 iguanas
  10 orc wizards
  7 worker ants
  2 sheep (D:10)
  A hound zombie (D:6)
  4 hound skeletons
  2 mummies
  A worker ant zombie (D:8)
  Robin (D:3)
  6 gnolls (D:7)
  7 adders
  A river rat (Sewer)
  A shadow imp (D:8)
  A worm (D:2)
  2 orc zombies (D:8)
  2 oozes
  38 orcs
  A bat skeleton (D:7)
  A bat zombie (D:8)
  8 giant cockroaches
  17 hobgoblins
  7 jackals
  30 kobolds
  5 quokkas
  8 ball pythons
  11 bats
  6 giant geckos
  4 giant newts
  A giant spore (D:6)
  26 goblins
  45 rats
  A ballistomycete (D:6)
  A fungus (D:1)
333 creatures vanquished.

Vanquished Creatures (collateral kills)
  A scorpion (D:6)
  An adder zombie (D:6)
2 creatures vanquished.

Vanquished Creatures (others)
  A giant spore (D:8)
  A ballistomycete (D:8)
2 creatures vanquished.

Grand Total: 337 creatures vanquished

Notes
Turn   | Place    | Note
--------------------------------------------------------------
     0 | D:1      | inmateoo, the Draconian Transmuter, began the quest for the Orb.
     0 | D:1      | Reached XP level 1. HP: 16/16 MP: 3/3
   459 | D:1      | Reached XP level 2. HP: 23/23 MP: 5/5
   470 | D:1      | Learned a level 2 spell: Sticks to Snakes
  1473 | D:2      | Reached XP level 3. HP: 26/28 MP: 4/6
  1478 | D:2      | Learned a level 3 spell: Spider Form
  1683 | D:2      | Found a shadowy altar of Dithmenos.
  2311 | D:3      | Noticed Robin
  2421 | D:3      | Found a burning altar of Makhleb.
  2452 | D:3      | Found a basalt altar of Yredelemnul.
  2576 | D:3      | Reached XP level 4. HP: 34/36 MP: 7/7
  2691 | D:3      | Noticed Jessica
  2801 | D:3      | Killed Jessica
  3028 | D:3      | Killed Robin
  3301 | D:3      | Reached XP level 5. HP: 21/42 MP: 8/8
  3529 | D:4      | Gained mutation: Your magical capacity is low (-10% MP). [potion of mutation]
  3529 | D:4      | Gained mutation: You have sharp toenails. [potion of mutation]
  3529 | D:4      | Gained mutation: Your natural rate of healing is unusually fast. [potion of mutation]
  3613 | D:4      | Reached skill level 4 in Unarmed Combat
  3683 | D:4      | Found a glowing drain.
  3696 | Sewer    | Entered a sewer
  4268 | D:4      | Reached XP level 6. HP: 29/51 MP: 6/9
  4752 | D:5      | Entered Level 5 of the Dungeon
  4769 | D:5      | Reached skill level 5 in Unarmed Combat
  4797 | D:5      | Found a sacrificial altar of Ru.
  4924 | D:5      | Learned a level 4 spell: Ice Form
  5107 | D:5      | Your scales start taking on a icy white colour.
  5107 | D:5      | Gained mutation: Your flesh is cold resistant. [White Draconian growth]
  5107 | D:5      | Reached XP level 7. HP: 53/57 MP: 10/10
  5872 | D:6      | Found a stormy altar of Qazlal.
  5881 | D:6      | Found an ancient bone altar of Kikubaaqudgha.
  6029 | D:6      | Noticed Fluffy's ghost (experienced HuFi)
  6288 | D:6      | Reached skill level 6 in Unarmed Combat
  6288 | D:6      | Reached XP level 8. HP: 54/67 MP: 10/12
  6493 | D:6      | Reached skill level 1 in Ice Magic
  6814 | D:7      | Found a glowing golden altar of the Shining One.
  6945 | D:7      | Reached skill level 5 in Fighting
  7072 | D:7      | Gained mutation: You are clumsy. (Dex -2) [mutagenic meat]
  7073 | D:7      | Gained mutation: Your spells are a little easier to cast, but a little less powerful. [mutagenic meat]
  7272 | D:7      | Found Emmeawn's Armour Emporium.
  7337 | D:7      | Reached skill level 5 in Transmutations
  7478 | D:7      | Reached skill level 7 in Unarmed Combat
  7797 | D:6      | Found a staircase to the Ecumenical Temple.
  7878 | Temple   | Entered the Ecumenical Temple
  7931 | Temple   | Became a worshipper of Makhleb the Destroyer
  8089 | D:8      | Noticed a centaur warrior
  8101 | D:8      | Killed a centaur warrior
  8101 | D:8      | Reached XP level 9. HP: 39/75 MP: 10/14
  8747 | D:8      | Learned a level 5 spell: Blade Hands
  8870 | D:8      | Reached skill level 5 in Dodging
  8870 | D:8      | Reached skill level 8 in Unarmed Combat
  8871 | D:8      | Acquired Makhleb's first power
  8967 | D:8      | Reached skill level 5 in Spellcasting
  9696 | D:9      | Acquired Makhleb's second power
  9718 | D:9      | Reached skill level 5 in Ice Magic
  9718 | D:9      | Reached XP level 10. HP: 19/84 MP: 9/16
 10085 | D:9      | Found a staircase to the Orcish Mines.
 10361 | D:9      | Found a staircase to the Lair.
 10440 | D:9      | Found a glowing silver altar of Zin.
 10440 | D:9      | Found an opulent altar of Gozag.
 10828 | D:10     | Entered Level 10 of the Dungeon
 10848 | D:10     | Acquired Makhleb's third power
 11047 | D:10     | Reached skill level 9 in Unarmed Combat
 11295 | D:10     | Noticed a three-headed hydra
 11341 | D:10     | Killed a three-headed hydra
 11504 | D:11     | Noticed a manticore
 11511 | D:11     | HP: 1/86 [manticore (15)]
 11511 | D:11     | Slain by a manticore

Action                   |  1- 3 |  4- 6 |  7- 9 | 10-12 || total
-------------------------+-------+-------+-------+-------++-------
Melee: Unarmed           |   217 |   416 |   479 |   247 ||  1359
Throw: Throwing net      |       |     1 |       |       ||     1
 Cast: Beastly Appendage |    18 |    19 |     8 |       ||    45
       Spider Form       |       |     6 |     4 |     1 ||    11
       Sticks to Snakes  |       |     1 |     7 |       ||     8
       Ice Form          |       |       |     9 |     8 ||    17
       Blade Hands       |       |       |     1 |     1 ||     2
 Abil: Breathe Frost     |       |       |     5 |     2 ||     7
Evoke: Wand              |       |       |       |     3 ||     3
  Use: Scroll            |     2 |    10 |     8 |     3 ||    23
       Potion            |       |     6 |     6 |       ||    12
 Stab: Sleeping          |       |     1 |     1 |       ||     2
       Distracted        |       |       |     1 |       ||     1
  Eat: Chunk             |     5 |    11 |    21 |     7 ||    44
       Pizza             |       |       |     2 |     1 ||     3
       Royal jelly       |       |       |       |     1 ||     1
